 Dungeon Crawl Stone Soup version 0.27-a0-1546-ge6b0c8b (webtiles) character file.

Game seed: 1684783395067504292

797 Illumine the Poker (level 7, -3/62 HPs)
             Began as a Minotaur Fighter on July 12, 2021.
             Splashed by Ijyb's acid (12 damage)
             ... on level 5 of the Dungeon.
             The game lasted 00:06:17 (4958 turns).

Illumine the Poker (Minotaur Fighter)               Turns: 4958, Time: 00:06:18

Health: -3/62      AC:  5    Str: 23    XL:     7   Next: 58%
Magic:  6/6        EV: 11    Int:  5    God:
Gold:   191        SH:  5    Dex:  9    Spells: 6/6 levels left

rFire    . . .     SeeInvis .   a - +0 halberd
rCold    + . .     Faith    .   (shield currently unavailable)
rNeg     . . .     Spirit   .   s - +3 ring mail {rC+}
rPois    .         Reflect  +   (helmet restricted)
rElec    .         Harm     .   (no cloak)
rCorr    .         Rampage  .   (no gloves)
Will     .....                  (no boots)
Stlth    ..........             t - amulet of reflection
HPRegen  0.20/turn              (no ring)
MPRegen  0.10/turn              (no ring)

@: mighty, corroded
A: horns 2, retaliatory headbutt
a: no special abilities


You were on level 5 of the Dungeon.
You visited 1 branch of the dungeon, and saw 5 of its levels.

You collected 191 gold pieces.

Inventory:

Hand Weapons
 a - a +0 halberd (weapon)
 b - a +0 hunting sling
 v - a +0 trident
Missiles
 e - 49 bolts
 o - 128 stones (quivered)
 w - a throwing net
Armour
 c - a +0 kite shield
 j - a scarf of harm
 s - a +3 ring mail of cold resistance (worn)
Jewellery
 t - an amulet of reflection (around neck)
Scrolls
 f - a scroll of brand weapon {unknown}
 i - a scroll of teleportation {unknown}
 n - 2 scrolls of identify {unknown}
 p - a scroll of fear {unknown}
 u - a scroll of noise {unknown}
Potions
 g - 2 potions of invisibility {unknown}
 h - 3 potions of attraction {unknown}
 k - a potion of magic
 l - a potion of curing
 m - a potion of brilliance {unknown}
 q - a potion of ambrosia {unknown}
 r - 2 potions of flight {unknown}


   Skills:
 + Level 5.9 Fighting
 * Level 6.8 Polearms
 + Level 5.9 Armour
 + Level 3.6 Dodging
 - Level 3.6 Shields


You had 6 spell levels left.
You didn't know any spells.
Your spell library contained the following spells:

 Spells                   Type           Power      Damage    Failure   Level
 Shock                    Conj/Air       0%         1d3       63%         1
 Sting                    Tmut/Pois      0%         1d3       63%         1
 Poisonous Vapours        Pois/Air       0%         N/A       77%         2
 Swiftness                Air            0%         N/A       94%         3
 Airstrike                Air            0%         N/A       100%        4
 Olgreb's Toxic Radiance  Pois           0%         N/A       100%        4


Dungeon Overview and Level Annotations

Branches:
Dungeon (5/15)
 Temple: D:4-7

Altars:

Shops:
D:2 (

Annotations:
D:3 Grinder
D:5 Ijyb


Innate Abilities, Weirdness & Mutations

You have a pair of horns on your head.
You reflexively headbutt those who attack you in melee.


Message History

Unknown command.
Unknown command.
Unknown command.
Ijyb zaps a wand.
The bolt of acid hits you!!
You are splashed with acid!
Fire: 129 stones
Press: ? - help, Q - select action, (/) - cycle Shift-Dir - straight line, f/p - worm
Aim: a worm (76% to hit)
You shoot a stone. The stone hits the worm!
The worm is heavily wounded.
Unknown command.
Unknown command.
a - a +0 halberd (weapon)
You barely miss Ijyb. Ijyb barely misses you. You furiously retaliate!
You headbutt Ijyb. You hit Ijyb.
Ijyb is lightly wounded.
Ijyb hits you with a +0 club.
You hit Ijyb but do no damage.
Ijyb is lightly wounded.
Ijyb zaps a wand.
The bolt of acid misses you.
You completely miss Ijyb. Your headbutt misses Ijyb.
Ijyb is lightly wounded.
Ijyb hits you but does no damage.
You feel very mighty all of a sudden.
Ijyb zaps a wand.
The bolt of acid misses you.
You barely miss Ijyb.
Ijyb is lightly wounded.
Ijyb closely misses you.
You hit Ijyb.
Ijyb is moderately wounded.
Ijyb hits you with a +0 club. Ijyb hits you but does no damage.
You closely miss Ijyb.
Ijyb is moderately wounded.
Ijyb zaps a wand.
The bolt of acid misses you.
You miss Ijyb.
Ijyb is moderately wounded.
Ijyb zaps a wand.
The bolt of acid hits you!
* * * LOW HITPOINT WARNING * * *
The acid corrodes you!
You are splashed with acid!
You die...

#....# #....#
#....# #....#
...#########
#....#
((.(..wrg@.#
####....####
...###.##..##
#........... #.
##..###.#.........
..
#.......##.......
r#.
#.#.#.#.####.....
.... #.......#
###... .....
#.#.#.#.# ##...
...... .........#
#.... #...#.#.#.#
##..#.


You could see Ijyb, a worm and a quokka.

Vanquished Creatures
  A water moccasin (D:4)
  Edmund (D:5)
  2 ogres (D:4)
  A phantom (D:4)
  A scorpion (D:5)
  A jelly (D:5)
  Natasha (D:2)
  Terence (D:3)
  Robin (D:3)
  8 gnolls
  2 adders
  2 worms
  A dart slug (D:4)
  5 orcs
  2 bats
  4 endoplasms
  A giant cockroach (D:2)
  15 goblins
  10 hobgoblins
  5 jackals
  2 quokkas
  7 ball pythons
  4 kobolds
  3 rats
81 creatures vanquished.

Notes
Turn   | Place    | Note
-------+----------+-------------------------------------------
     0 | D:1      | Illumine the Minotaur Fighter began the quest for the Orb.
     0 | D:1      | Reached XP level 1. HP: 19/19 MP: 0/0
   409 | D:1      | Reached XP level 2. HP: 27/27 MP: 1/1
   826 | D:2      | Reached skill level 3 in Polearms
  1160 | D:2      | Reached XP level 3. HP: 33/33 MP: 2/2
  1214 | D:2      | Found Sofunubima's Weapon Boutique.
  1976 | D:3      | Noticed Robin
  2022 | D:3      | Noticed Natasha
  2215 | D:2      | Killed Natasha
  2216 | D:2      | Reached skill level 4 in Polearms
  2216 | D:2      | Reached skill level 1 in Dodging
  2216 | D:2      | Reached XP level 4. HP: 15/41 MP: 3/3
  2507 | D:3      | Killed Robin
  2618 | D:3      | Found a faded altar of an unknown god.
  2633 | D:3      | Noticed Terence
  2645 | D:3      | Killed Terence
  3026 | D:3      | Reached XP level 5. HP: 38/47 MP: 4/4
  3161 | D:3      | Noticed Grinder
  3162 | D:3      | Paralysed by Grinder for 7 turns
  3172 | D:3      | Paralysed by Grinder for 4 turns
  3185 | D:3      | Paralysed by Grinder for 7 turns
  3372 | D:4      | Noticed a water moccasin
  3397 | D:4      | Killed a water moccasin
  3398 | D:4      | Reached skill level 5 in Fighting
  3398 | D:4      | Reached skill level 5 in Polearms
  3492 | D:4      | Noticed an ogre
  3529 | D:4      | Reached XP level 6. HP: 19/56 MP: 5/5
  3653 | D:4      | Reached skill level 5 in Armour
  4139 | D:4      | Reached skill level 6 in Polearms
  4139 | D:4      | Reached XP level 7. HP: 55/61 MP: 6/6
  4577 | D:5      | Entered Level 5 of the Dungeon
  4842 | D:5      | Noticed Edmund
  4865 | D:5      | Killed Edmund
  4942 | D:5      | Noticed Ijyb
  4958 | D:5      | Splashed by Ijyb's acid

Illustrated notes

Levels and vault maps discovered:
D:1:      eino_arrival_cavern_e, layout_basic, glass_columns_c
D:2:      layout_basic, serial_shops, nicolae_shop_statue_plus
D:3:      layout_loops_cross, ebering_ecumenical_altar_box, uniq_robin,
          uniq_natasha, uniq_terence, uniq_grinder
D:4:      layout_rooms
D:5:      layout_cave_pods, minmay_temple_entry_glass, serial_co_window_serial,
          co_window_of_opportunity_a, co_window_cross_1, co_window_paths_a,
          co_window_of_opportunity_a, co_window_paths_b,
          co_window_of_opportunity_b, co_window_cross_4, co_window_broadway_a,
          co_window_paths_c, co_window_corner_b, co_window_unsneaky_path_d,
          co_window_unsneaky_path_e, co_window_4corner_a, glass_columns_a,
          glass_columns_a, glass_columns_c, glass_columns_b,
          minmay_misc_feat_iff, eino_small_chamber_without_monster, uniq_ijyb,
          uniq_edmund

Skill      XL: |  1  2  3  4  5  6 |
---------------+-------------------+-----
Armour         | 4 5 |  5.9
Fighting       | 4 5 |  5.9
Polearms       | 3 4 5 6 |  6.8
Dodging        | 1 2 3 |  3.6
Shields        | |  3.6

Action                   |  1- 3 |  4- 6 |  7- 9 || total
-------------------------+-------+-------+-------++-------
Melee: Trident           |   100 |   120 |    25 ||   245
       Headbutt          |    11 |    10 |     7 ||    28
       Halberd           |       |       |    43 ||    43
 Fire: Hunting sling     |     9 |    14 |     4 ||    27
  Use: Potion            |       |     3 |     1 ||     4
Armor: Scale mail        |    38 |     6 |       ||    44
       Ring mail         |       |    32 |    18 ||    50
       Skin              |       |    19 |       ||    19
Dodge: Dodged            |    23 |    44 |    22 ||    89
Block: Kite shield       |    48 |    58 |    19 ||   125
       Other             |       |       |    11 ||    11

Table legend: (Time is in decaauts)
 A = Elapsed time spent in this place.
 B = Non-inter-level travel time spent in this place.
 C = Inter-level travel time spent in this place.
 D = Time resting spent in this place.
 E = Time spent auto-exploring this place.
 F = Levels seen in this place.
 G = Mean time per level.
                   A        B        C        D        E       F      G
               +--------+--------+--------+--------+--------+-----+--------+
         Total |   5056 |   4964 |     92 |   1283 |   2756 |   5 | 1011.2 |
       Dungeon |   5056 |   4964 |     92 |   1283 |   2756 |   5 | 1011.2 |
               +--------+--------+--------+--------+--------+-----+--------+

Top non-repeatable levels by time:
     D:2: 1740 daAuts
     D:4: 1332 daAuts
     D:3: 859 daAuts
     D:1: 739 daAuts
     D:5: 385 daAuts
